 Dungeon Crawl Stone Soup version 0.30.0-5-g1a98f26d00 (webtiles) character file.

Game seed: 15527868781854165169

5024 KamiKatze the Cleaver (level 10, -3/99 HPs)
             Began as a Gargoyle Berserker on May 8, 2023.
             Was a Priest of Trog.
             Killed by divine providence
             ... invoked by an orc priest
              (14 damage)
             ... on level 8 of the Dungeon.
             The game lasted 00:26:24 (7230 turns).

KamiKatze the Cleaver (Gargoyle Berserker)          Turns: 7230, Time: 00:26:25

Health: -3/99      AC: 17    Str: 24    XL:     10   Next: 55%
Magic:  10/10      EV: 10    Int:  7    God:    Trog [***...]
Gold:   424        SH:  6    Dex: 11    Spells: 9/9 levels left

rFire   . . .        a - +5 hand axe of Xanimn {freeze, Fly}
rCold   + . .        y - +2 buckler
rNeg    + . .        g - +0 scale mail
rPois   ∞            A - +1 helmet
rElec   +            (no cloak)
rCorr   .            F - +0 pair of gloves
SInv    .            (no boots)
Will    +....        h - amulet of magic regeneration Stlth
                     J - ring of willpower
HPRegen 0.36/turn    E - ring of protection from cold
MPRegen 0.52/turn

%: no passive effects
@: berserking, flying, very quick
A: sickness immunity, AC +7, negative energy resistance 1, electricity
resistance, torment resistance 1, petrification resistance
a: Renounce Religion, Berserk, Trog's Hand


You were on level 8 of the Dungeon.
You worshipped Trog.
Trog was most pleased with you.
You visited 2 branches of the dungeon, and saw 10 of its levels.

You collected 490 gold pieces.
You spent 66 gold pieces at shops.

Inventory:

Hand Weapons
 a - the +5 hand axe of Xanimn (weapon) {freeze, Fly}
   (You found it on level 8 of the Dungeon)

   Fly:       It grants you flight.
 n - a +0 war axe
 w - a +0 morningstar
Missiles
 k - 2 throwing nets
 q - 3 curare-tipped darts (quivered)
 D - 12 poisoned darts
Armour
 e - a +0 chain mail
 g - a +0 scale mail (worn)
 y - a +2 buckler (worn)
 A - a +1 helmet (worn)
 F - a +0 pair of gloves (worn)
 G - a +0 plate armour
Jewellery
 b - a +5 ring of evasion
 h - an amulet of magic regeneration (around neck)
 E - a ring of protection from cold (right hand)
 J - a ring of willpower (left hand)
Wands
 I - a wand of charming (24)
Scrolls
 c - a scroll of brand weapon {unknown}
 d - 2 scrolls of fog {unknown}
 f - 2 scrolls of vulnerability
 j - a scroll of amnesia {unknown}
 m - 3 scrolls of noise {unknown}
 o - 2 scrolls of teleportation {unknown}
 t - 4 scrolls of magic mapping
 u - 2 scrolls of fear {unknown}
 x - a scroll of enchant weapon {unknown}
 H - a scroll of poison {unknown}
 L - 3 scrolls of blinking {unknown}
Potions
 i - 6 potions of curing
 l - a potion of ambrosia {unknown}
 p - a potion of flight {unknown}
 r - 2 potions of haste
 s - 4 potions of lignification
 v - 2 potions of heal wounds
 z - a potion of resistance {unknown}
 B - 2 potions of mutation
 K - a potion of attraction


   Skills:
 + Level 9.4 Fighting
 * Level 10.6 Axes
 - Level 2.0 Throwing
 + Level 3.7 Armour
 + Level 3.0 Dodging
 - Level 4.0 Shields
 - Level 2.0 Evocations


You had 9 spell levels left.
You didn't know any spells.
Your spell library was empty.

Dungeon Overview and Level Annotations

Branches:
Dungeon (9/15)             Temple (1/1) D:7
   Lair: D:8-11         Orc: D:9-12

Altars:
Cheibriados
Dithmenos
Elyvilon
Fedhas
Gozag
Hepliaklqana
Kikubaaqudgha
Makhleb
Nemelex Xobeh
Okawaru
Qazlal
Ru
Sif Muna
Trog
Uskayaw
Vehumet
Wu Jian
Xom
Yredelemnul
Zin
The Shining One

Shops:
D:3 :   D:4 *   D:5 *

Annotations:
D:6 1 runed translucent door, exclusion: door, konerai's ghost, novice GnWn


Innate Abilities, Weirdness & Mutations

You are immune to sickness and miasma.
Your stone body is resilient. (AC +7)
You are immune to poison.
You resist negative energy. (rN+)
You are resistant to electric shocks. (rElec)
You are resistant to unholy torment.
You are immune to petrification.


Message History

The orc warrior shouts!
The orc priest shouts! x2; You hear a shout! x4
Found 34 gold pieces.
There is a stone staircase leading up here.
Unknown command.
Found a stone staircase leading up.
The orc priest invokes the aid of Beogh against you.
Beogh smites you!
An orc comes into view. It is wielding a +0 short sword.
The orc shouts!
You hear a shout!
There is a stone staircase leading up here.
You hit the orc priest. You freeze the orc priest.
The orc priest is heavily wounded.
The orc priest closely misses you.
The orc warrior hits you from afar with a +2 glaive of distortion!
Space warps horribly around you!!
* * * LOW HITPOINT WARNING * * *
You fly upwards.
There is a stone staircase leading down here.
You are too injured to fight recklessly!
You are too injured to fight recklessly!
You are too injured to fight recklessly!
You hit the orc priest. You freeze the orc priest.
The orc priest is almost dead.
The orc priest invokes the aid of Beogh against you.
Beogh smites you!
* * * LOW HITPOINT WARNING * * *
You barely miss the orc priest.
The orc priest is almost dead.
The orc priest hits you but does no damage.
You hit the orc priest but do no damage.
The orc priest is almost dead.
The orc priest invokes the aid of Beogh against you.
Beogh smites you!
* * * LOW HITPOINT WARNING * * *
Unknown command.
A red film seems to cover your vision as you go berserk!
You feel yourself moving faster!
You feel mighty!
The orc priest mumbles some strange prayers to Beogh against you.
Beogh smites you!
You die...

.........#......## ##........###.
.........##.....####.........###.
..........#...#.#.###.........###
.............##..............###.
.............##.##............#.#
...............####....######....
...............# ##..####.....##
...............### ##.###...##.##
...............#@###...##........
..........[.....o.........###....
##.........###.##..#......##..<[.
#.#..###....######.##.........[..
#....# ###÷## #...#.......[....
....## #...## ##..8.[...(.#.##.
....# ##.).### #........))####.
.##.#### ###)#.####...P.....##...
.##....###..)..#.#...P...........


You could see an orc priest.

Vanquished Creatures
  3 unseen horror zombies (D:8)
  2 hornets (D:8)
  Sigmund (D:6)
  3 wyverns
  4 water moccasins
  3 orc warriors
  A black bear (D:4)
  4 sky beasts
  An ice beast (D:7)
  2 kobold brigands
  Blork the orc (D:6)
  2 bullfrogs (D:7)
  14 wights
  2 howler monkeys
  3 crimson imps (D:3)
  2 hounds
  2 centaur zombies (D:8)
  A jelly (D:6)
  2 sleepcaps (D:8)
  2 orc priests
  Jessica (D:3)
  4 orc wizards
  2 iguanas
  A killer bee zombie (D:8)
  11 gnolls
  2 howler monkey zombies (D:8)
  7 adders
  A shadow imp (D:7)
  3 white imps
  2 ufetubi
  3 dart slugs
  25 orcs
  10 ball pythons
  A bat (D:1)
  11 endoplasms
  5 giant cockroaches
  8 goblins
  7 hobgoblins
  9 quokkas
  4 frilled lizards (D:1)
  15 kobolds
  2 rats
189 creatures vanquished.

Notes
Turn   | Place    | Note
-------+----------+-------------------------------------------
     0 | D:1      | KamiKatze the Gargoyle Berserker began the quest for the
                  | Orb.
     0 | D:1      | Reached XP level 1. HP: 14/14 MP: 1/1
    23 | D:1      | Reached XP level 2. HP: 13/19 MP: 2/2
   207 | D:1      | Reached skill level 3 in Axes
   297 | D:1      | Reached XP level 3. HP: 22/23 MP: 3/3
   697 | D:2      | Reached skill level 1 in Evocations
   699 | D:2      | Found a hazy altar of Hepliaklqana.
   722 | D:2      | Reached ** piety under Trog
   735 | D:2      | Reached skill level 1 in Throwing
   761 | D:2      | Reached XP level 4. HP: 27/29 MP: 4/4
   874 | D:2      | Found a faded altar of an unknown god.
  1279 | D:3      | You fall into a shaft and drop 3 floors!
  1297 | D:6      | Reached XP level 5. HP: 33/33 MP: 5/5
  1298 | D:6      | Reached skill level 4 in Axes
  1336 | D:6      | Noticed Sigmund
  1346 | D:6      | Killed Sigmund
  1347 | D:6      | Reached XP level 6. HP: 40/40 MP: 6/6
  1391 | D:5      | Entered Level 5 of the Dungeon
  1655 | D:4      | Reached skill level 5 in Axes
  1717 | D:4      | Reached skill level 5 in Fighting
  1879 | D:3      | Reached XP level 7. HP: 44/44 MP: 7/7
  1960 | D:3      | Found a stormy altar of Qazlal.
  1967 | D:3      | Found an opulent altar of Gozag.
  1983 | D:3      | Noticed Jessica
  1989 | D:3      | Killed Jessica
  2112 | D:3      | Found Yvubinon's Vocational Training.
  2174 | D:3      | Found a shimmering altar of Xom.
  2509 | D:4      | Reached *** piety under Trog
  2731 | D:4      | Found a bloodstained altar of Trog.
  2780 | D:4      | Reached skill level 6 in Axes
  2875 | D:4      | Found Elamedyi's Assorted Antiques.
  2917 | D:4      | Reached XP level 8. HP: 48/51 MP: 8/8
  3001 | D:4      | Bought a fuming puce potion for 21 gold pieces
  3001 | D:4      | Bought a fizzy yellow potion for 21 gold pieces
  3001 | D:4      | Bought a scroll labelled TELYSE RUACOS for 24 gold pieces
  3431 | D:5      | Found Xaugh's Gadget Gallery.
  3618 | D:6      | Noticed Blork the orc
  3640 | D:6      | Killed Blork the orc
  3641 | D:6      | Reached skill level 1 in Shields
  3747 | D:6      | Found the +8 Wrath of Trog {antimagic, *Rage Rampage}
  3792 | D:6      | Found a hide-covered altar of Uskayaw.
  3997 | D:6      | Found a runed translucent door.
  3997 | D:6      | Noticed konerai's ghost (novice GnWn)
  4181 | D:6      | Reached skill level 7 in Axes
  4843 | D:7      | Noticed a wyvern
  4853 | D:7      | Killed a wyvern
  5112 | D:7      | Reached XP level 9. HP: 37/57 MP: 9/9
  5168 | D:7      | Found an iron altar of Okawaru.
  5193 | D:7      | Reached skill level 8 in Axes
  5588 | D:7      | Found a staircase to the Ecumenical Temple.
  5603 | Temple   | Entered the Ecumenical Temple
  5684 | D:7      | Reached skill level 9 in Axes
  6189 | D:8      | Noticed a hornet
  6211 | D:8      | Killed a hornet
  6387 | D:8      | Reached XP level 10. HP: 65/65 MP: 10/10
  6391 | D:8      | Reached skill level 10 in Axes
  6981 | D:8      | Identified the +5 hand axe of Xanimn {freeze, Fly}
  7230 | D:8      | Killed from afar by an orc priest

Illustrated notes

Levels and vault maps discovered:
D:1:      wander_arrival_lonely_grave, layout_loops_cross
D:2:      layout_rooms, basic_altar, ebering_ecumenical_altar_ruins,
          corner_web_ring, grunt_decor_resistance, serial_bayou_lake_a
D:3:      layout_loops_ring, led_xom_imps, minitemple, nicolae_shop_vocational,
          uniq_jessica
D:4:      layout_rooms, lemuel_tele_altar, serial_shops, shop
D:5:      layout_gridville, nicolae_shop_gadgets
D:6:      layout_cave_pods, eat_drink_and_be_merry_uskayaw,
          ebering_ghost_sewer_d, serial_column_ruins, column_ruins_hut,
          column_ruins_grid_4, column_ruins_open_tiny,
          column_ruins_corridor_straight, column_ruins_grid_1,
          column_ruins_corridor_straight, column_ruins_open_tiny, uniq_sigmund,
          uniq_blork_the_orc
D:7:      minmay_recursive_quarters, layout_basic, old_standard_altar,
          minmay_temple_entry_glassed_door
D:8:      layout_cave_pools, serial_undead, serial_undead_c, serial_undead_d,
          serial_undead_a, serial_undead_a, serial_undead_c, serial_undead_e,
          serial_undead_d, serial_undead_e, serial_undead_b, serial_undead_c
D:9:      layout_layer_cave, evilmike_ruin_ashenzari, david_orc_4,
          amcnicky_mini_pool_medium
Temple:   eino_wide_crystal_templ

Skill      XL: |  1  2  3  4  5  6  7  8  9 10 |
---------------+-------------------------------+-----
Axes           | 3 4 5 6 7 9 10 | 10.6
Evocations     | 1 2 |  2.0
Throwing       | 1 2 |  2.0
Dodging        | 2 3 |  3.0
Fighting       | 4 5 7 8 9 |  9.4
Shields        | 4 |  4.0
Armour         | 3 |  3.7

Action                     |  1- 3 |  4- 6 |  7- 9 | 10-12 || total
---------------------------+-------+-------+-------+-------++-------
  Melee: Hand axe          |    99 |   119 |   569 |    61 ||   848
         Punch             |       |       |     1 |       ||     1
         War axe           |       |       |       |    72 ||    72
  Throw: Dart              |       |       |     4 |       ||     4
 Invoke: Berserk           |     1 |     3 |    10 |     1 ||    15
         Trog's Hand       |       |     1 |     4 |     1 ||     6
    Use: Scroll            |       |       |       |    10 ||    10
 Armour: Animal skin       |     4 |       |       |       ||     4
         Ring mail         |    26 |       |       |       ||    26
         Scale mail        |       |    23 |   178 |    77 ||   278
  Dodge: Dodged            |    64 |    86 |   325 |    56 ||   531
  Block: Buckler           |       |       |   110 |    43 ||   153
